 Dungeon Crawl Stone Soup version 0.30-a0-358-g0d69a1922f (webtiles) character file.

Game seed: 4653746908448357484

44 mopl the Sneak (level 3, -2/26 HPs)
             Began as an Octopode Delver on Nov 9, 2022.
             Slain by a gnoll
             ... wielding a +0 club
              (7 damage)
             ... on level 5 of the Dungeon.
             The game lasted 00:00:49 (178 turns).

mopl the Sneak (Octopode Delver)                     Turns: 178, Time: 00:00:49

Health: -2/26      AC:  1    Str: 11    XL:     3   Next: 60%
Magic:  4/4        EV: 13    Int: 14    God:
Gold:   0          SH:  0    Dex: 13    Spells: 4/4 levels left

rFire   . . .      SeeInvis .    a - +0 falchion
rCold   . . .      Faith    .    (no shield)
rNeg    . . .      Spirit   .    (helmet restricted)
rPois   .          Reflect  .    (no amulet)
rElec   .          Harm     .    (no ring)
rCorr   .          Rampage  .    (no ring)
Will    .....                    (no ring)
Stlth   ++++......               (no ring)
HPRegen 0.24/turn                (no ring)
MPRegen 0.09/turn                (no ring)
                                 (no ring)
                                 (no ring)

@: no status effects
A: almost no armour, amphibious, 8 rings, camouflage 1, gelatinous body 1,
(nimble swimmer 1), tentacles
a: no special abilities


You were on level 5 of the Dungeon.
You visited 1 branch of the dungeon, and saw 1 of its levels.

Inventory:

Hand Weapons
 a - a +0 falchion (weapon)
Wands
 f - a wand of digging (3)
Scrolls
 b - a scroll of fog
 c - a scroll of magic mapping
 d - a scroll of fear
 g - a scroll of immolation {unknown}
 h - a scroll of identify {unknown}
Potions
 e - a potion of haste


   Skills:
 + Level 3.3 Fighting
 - Level 2.0 Long Blades
 + Level 2.4 Dodging
 + Level 6.9 Stealth
 + Level 1.0 Spellcasting
 + Level 1.3 Evocations


You had 4 spell levels left.
You didn't know any spells.
Your spell library was empty.

Dungeon Overview and Level Annotations

Branches:
Dungeon (5/15)
 Temple: D:4-7

Altars:


Innate Abilities, Weirdness & Mutations

You cannot wear most types of armour.
You are amphibious.
You can wear up to eight rings at the same time.
Your skin changes colour to match your surroundings (Stealth+).
Your rubbery body absorbs attacks. (AC +1, EV +1)
((You are camouflaged when in or above water. (Stealth+)))
You have tentacles for arms and can constrict up to eight enemies at once.


Message History

A phantom comes into view.
Found a pair of boots.
A gnoll comes into view. It is wielding a +0 whip.
A gnoll comes into view. It is wielding a +0 spear.
The gnoll shouts!
A gnoll comes into view. It is wielding a +0 club.
The gnoll shouts!
You barely miss the gnoll. You grab the gnoll. You squeeze the gnoll!
The gnoll is severely wounded.
You constrict the gnoll, but do no damage.
The gnoll barely misses you.
The gnoll hits you from afar with a +0 spear.
You hit the gnoll but do no damage.
The gnoll is severely wounded.
You constrict the gnoll. The gnoll misses you. x2
You hit the gnoll.
You kill the gnoll!
The gnoll closely misses you.
Your Spellcasting skill increases to level 1!
Unknown command.
The gnoll misses you.
You barely miss the gnoll. Your grab misses the gnoll.
The gnoll barely misses you. The gnoll hits you with a +0 spear.
You closely miss the gnoll. You grab the gnoll. You constrict the gnoll.
The gnoll closely misses you. The gnoll hits you with a +0 spear!
The gnoll misses you. The gnoll hits you with a +0 club.
You hit the gnoll. You grab the gnoll.
The gnoll is lightly wounded.
You constrict the gnoll. x2; The gnoll barely misses you.
The gnoll hits you with a +0 spear!
You hit the gnoll but do no damage. You squeeze the gnoll.
The gnoll is heavily wounded.
You constrict the gnoll. x2; The gnoll closely misses you.
The gnoll hits you with a +0 spear.
* * * LOW HITPOINT WARNING * * *
You hit the gnoll. Your squeeze misses the gnoll.
The gnoll is severely wounded.
You constrict the gnoll, but do no damage.
You constrict the gnoll. The gnoll hits you with a +0 club!
You die...

#.........#..# #
#.#####......#####.#.
#.#####.##........)#.
#.#[..#.#....##.##.#.
#...........###.# #.
#...........###.# #.
#............##.# ..
#.#...#.....###.####.
#.^.@##...........)..
#...gg......###.####.
.. #.#####....## #.#
#. #. #.#######..#
#.# #. #. #.....#
#..# #.# #. #.
#.###.# #..# #.# #.
#. ###.##.#.##..# #[#
#g ######.##.....#
#.#..####.# #g
.....?.......##
##........# #g


You could see 2 gnolls.

Vanquished Creatures
  A hound (D:5)
  A gnoll (D:5)
  An orc (D:5)
3 creatures vanquished.

Notes
Turn   | Place    | Note
-------+----------+-------------------------------------------
     0 | D:5      | mopl the Octopode Delver began the quest for the Orb.
     0 | D:5      | Reached XP level 1. HP: 16/16 MP: 1/1
     3 | D:5      | Noticed a water moccasin
    20 | D:5      | Noticed a water moccasin
    27 | D:5      | Noticed a hound
    38 | D:5      | Killed a hound
    39 | D:5      | Reached skill level 1 in Evocations
    39 | D:5      | Reached XP level 2. HP: 11/21 MP: 1/3
    39 | D:5      | Reached XP level 3. HP: 14/26 MP: 1/4
    96 | D:5      | Noticed a phantom
   158 | D:5      | Reached skill level 1 in Spellcasting
   178 | D:5      | Slain by a gnoll

Illustrated notes

Levels and vault maps discovered:
D:5:      layout_loops_ring, grunt_temple_overflow_order_and_chaos_1,
          nicolae_specific_store

Skill      XL: |  1  2  3 |
---------------+----------+-----
Evocations     | 1 |  1.3
Spellcasting   | 1 |  1.0
Fighting       | |  3.3
Long Blades    | |  2.0
Dodging        | |  2.4
Stealth        | |  6.9

Action                   || total
-------------------------++-------
Melee: Falchion          ||    13
       Constrict         ||     4
       Tentacles         ||     3
 Stab: Sleeping          ||     1
Armor: Skin              ||     1
Dodge: Dodged            ||    12

Table legend: (Time is in decaauts)
 A = Elapsed time spent in this place.
 B = Non-inter-level travel time spent in this place.
 C = Inter-level travel time spent in this place.
 D = Time resting spent in this place.
 E = Time spent auto-exploring this place.
 F = Levels seen in this place.
 G = Mean time per level.
                   A        B        C        D        E       F      G
               +--------+--------+--------+--------+--------+-----+--------+
         Total |    180 |    180 |      0 |     32 |      3 |   1 |  180.0 |
       Dungeon |    180 |    180 |      0 |     32 |      3 |   1 |  180.0 |
               +--------+--------+--------+--------+--------+-----+--------+

Top non-repeatable levels by time:
     D:5: 180 daAuts
